 Dungeon Crawl Stone Soup version 0.25.1-1-g288607f5aa (webtiles) character file.

Game seed: 5796923853203259347

57256 Acheron the Geomancer (level 14, -11/82 HPs)
             Began as a Gargoyle Earth Elementalist on July 25, 2020.
             Was a High Priest of Vehumet.
             Mangled by a white ugly thing (24 damage)
             ... on level 11 of the Dungeon on July 28, 2020.
             The game lasted 06:16:00 (25217 turns).

Acheron the Geomancer (GrEE)                       Turns: 25217, Time: 06:16:02

Health: -11/82     AC: 23    Str: 13    XL:     14   Next: 85%
Magic:  14/26      EV: 15    Int: 19    God:    Vehumet [*****.]
Gold:   1400       SH:  0    Dex: 17    Spells: 0/30 levels left

rFire    . . .     SeeInvis .   r - +4 rapier
rCold    . . .     Gourm    .   (no shield)
rNeg     + . .     Faith    .   O - +0 troll leather armour {Purgy}
rPois    ∞         Spirit   .   H - +2 hat
rElec    +         Reflect  .   J - +0 cloak
rCorr    .         Harm     .   (no gloves)
MR       +....                  E - +0 pair of boots
Stlth    ++++......             o - amulet of the acrobat
HPRegen  0.63/turn              p - +4 ring of protection
MPRegen  0.20/turn              v - +6 ring of dexterity

@: flying
A: big wings, negative energy resistance 1, electricity resistance, unbreathing,
petrification resistance, rot immunity, AC +10
a: Stop Flying, Renounce Religion


You were on level 11 of the Dungeon.
You worshipped Vehumet.
Vehumet was extremely pleased with you.
You were hungry.

You visited 6 branches of the dungeon, and saw 23 of its levels.
You also visited: Sewer.

You collected 1508 gold pieces.
You spent 108 gold pieces at shops.

Inventory:

Hand Weapons
 k - a +5 long sword of holy wrath
 r - a +4 rapier (weapon)
 w - a +4 hand axe
Missiles
 a - 2 throwing nets
 b - 6 curare-tipped darts
 f - 7 boomerangs of dispersal
 s - 6 silver boomerangs
 t - 26 boomerangs
 y - 16 javelins (quivered)
 A - 8 poisoned darts
 C - 430 arrows
 D - 7 silver javelins
 T - 169 stones
Armour
 j - the +14 chain mail of Ocilaqyt {*Drain rC+++ MR- SInv}
   (You found it on level 8 of the Dungeon)

   It renders you almost immune to cold.
   It affects your resistance to hostile enchantments.
   It lets you see invisible.
   It causes draining when unequipped.
 E - a +0 pair of boots (worn)
 H - a +2 hat (worn)
 J - a +0 cloak (worn)
 O - a +0 troll leather armour (worn) {Purgy}
 W - a +0 kite shield
Magical Staves
 Z - an uncursed staff of earth
Jewellery
 o - an amulet of the acrobat (around neck)
 p - a +4 ring of protection (left hand)
 v - a +6 ring of dexterity (right hand)
 z - an uncursed ring of magical power
 G - an uncursed ring of protection from cold
 S - an uncursed ring of protection from magic
 Y - an uncursed ring of resist corrosion
Wands
 u - a wand of acid (6)
 N - a wand of clouds (4)
 R - a wand of paralysis (4)
 U - a wand of iceblast (4)
Scrolls
 c - a scroll of blinking
 h - 10 scrolls of enchant armour
 q - 15 scrolls of remove curse
 B - 5 scrolls of teleportation
 I - a scroll of magic mapping
 K - 9 scrolls of fog
 L - 3 scrolls of fear
 M - 2 scrolls of immolation
 Q - 11 scrolls of identify
Potions
 e - 2 potions of lignification
 g - 3 potions of cancellation
 i - 2 potions of berserk rage
 m - 3 potions of curing
 n - 2 potions of haste
 x - 2 potions of heal wounds
 P - 4 potions of brilliance
 V - a potion of invisibility
 X - 2 potions of resistance
Comestibles
 d - 41 rations
 l - 3 chunks of flesh


   Skills:
 * Level 7.1 Fighting
 * Level 3.8(6.2) Short Blades
 * Level 7.7(8.1) Long Blades
 * Level 5.2 Throwing
 + Level 5.1 Armour
 + Level 5.3 Dodging
 * Level 8.1 Stealth
 * Level 3.4 Shields
 * Level 8.9 Spellcasting
 * Level 7.2 Conjurations
 + Level 3.0 Hexes
 * Level 3.7 Charms
 + Level 3.0 Summonings
 + Level 3.3 Necromancy
 + Level 4.2 Translocations
 + Level 3.6 Transmutations
 + Level 5.0 Fire Magic
 + Level 4.2 Ice Magic
 * Level 10.0 Earth Magic
 + Level 3.1 Poison Magic
 * Level 6.0 Evocations


You couldn't memorise any spells.
You knew the following spells:

 Your Spells              Type           Power        Failure   Level  Hunger
a - Sandblast             Erth           #####.       1%          1    None
b - Passwall              Tmut/Erth      ####....     1%          2    None
c - Stone Arrow           Conj/Erth      #####.       1%          3    None
d - Foxfire               Conj/Fire      ####         1%          1    None
e - Apportation           Tloc           ###...       1%          1    None
f - Blink                 Tloc           N/A          2%          2    None
g - Freeze                Ice            ###.         1%          1    None
h - Animate Skeleton      Necr           N/A          2%          1    None
i - Corona                Hex            ###....      3%          1    None
j - Sticks to Snakes      Tmut           ###.....     3%          2    None
k - Iskenderun's Battles  Conj/Chrm      ####....     9%          5    #####..
l - Ignite Poison         Fire/Tmut/Pois ###.....     1%          3    None
m - Call Imp              Summ           ###.....     4%          2    None
n - Bolt of Magma         Conj/Fire/Erth #####.....   3%          5    #####..

Your spell library contained the following spells:

 Spells                   Type           Power        Failure   Level  Hunger
 Iron Shot                Conj/Erth      #####.....   12%         6    ######.
 Magic Dart               Conj           ####         1%          1    None
 Conjure Flame            Conj/Fire      ####....     1%          3    None
 Dazzling Flash           Conj/Hex       ####..       1%          3    None
 Inner Flame              Hex/Fire       ###.....     1%          3    None
 Lee's Rapid Deconstruct  Erth           #####.....   1%          5    #####..
 Beastly Appendage        Tmut           ###...       2%          1    None
 Sting                    Tmut/Pois      ###.         2%          1    None
 Mephitic Cloud           Conj/Pois/Air  ###.....     2%          3    None
 Sticky Flame             Conj/Fire      ####....     2%          4    ###....
 Summon Small Mammal      Summ           ###.         3%          1    None
 Ensorcelled Hibernation  Hex/Ice        ###...       3%          2    None
 Slow                     Hex            ###.....     4%          2    None
 Petrify                  Tmut/Erth      ####....     6%          4    ###....
 Spider Form              Tmut/Pois      ###.......   8%          3    None
 Olgreb's Toxic Radiance  Pois           ###.....     8%          4    ###....
 Poisonous Vapours        Pois/Air       ##....       9%          2    None
 Confusing Touch          Hex            ###.....     9%          3    None
 Tukima's Dance           Hex            ###.....     9%          3    None
 Irradiate                Conj/Tmut      ####......   9%          5    #####..
 Yara's Violent Unravell  Hex/Tmut       ###.......   19%         5    #####..
 Ice Form                 Ice/Tmut       ###.....     21%         4    ###....
 Cause Fear               Hex            ###.......   30%         4    ###....
 Blade Hands              Tmut           ###.......   52%         5    #####..
 Silence                  Hex/Air        ##........   83%         5    #####..
 Dragon Form              Tmut           ###.......   100%        7    #######
 Discord                  Hex            ###.......   100%        8    #######


Dungeon Overview and Level Annotations

Branches:
Dungeon (13/15)            Temple (1/1) D:5            Lair (6/6) D:10
  Swamp (0/4) Lair:3        Snake (1/4) Lair:2        Slime (1/5) Lair:6
    Orc (1/2) D:9           Sewer (visited)
 Vaults: D:13-14

Altars:
Ashenzari
Cheibriados
Dithmenos
Elyvilon
Fedhas
Gozag
Hepliaklqana
Kikubaaqudgha
Makhleb
Nemelex Xobeh
Okawaru
Qazlal
Ru
Sif Muna
Trog
Uskayaw
Vehumet
Wu Jian
Xom
Yredelemnul
Zin
The Shining One

Shops:
D:4 *   D:11 ?

Portals:
Abyss: Lair:5

Annotations:
D:7 exclusion: downstairs
D:8 exclusion: downstairs
D:9 Gastronok
D:12 exclusion: downstairs
Lair:2 exclusion: oklob plant
Lair:5 2 transporters, exclusions: downstairs, oklob plant and 1 more exclusion, Naenkaux's ghost, journeyman CeAM
Lair:6 1 runed translucent door


Innate Abilities, Weirdness & Mutations

You are resistant to torment.
Your stone body is resilient. (AC +10)
You are immune to poison.
Your large and strong wings let you fly indefinitely.
You resist negative energy. (rN+)
You are resistant to electric shocks. (rElec)
You can survive without breathing.
You are immune to petrification.
You are immune to rotting.


Message History

Aiming: Sandblast (safe; 1% risk of failure)
Press: ? - help, Shift-Dir - straight line, f/p - white ugly thing
Aim: a white ugly thing (severely wounded)
The blast of sand hits the white ugly thing!
The white ugly thing is almost dead.
T - 170 stones The white ugly thing engulfs you!
The white ugly thing freezes you!!
* * * LOW HITPOINT WARNING * * *
Casting: Sandblast (safe; 1% risk of failure)
Confirm with . or Enter, or press ? or * to list all spells.
Aiming: Sandblast (safe; 1% risk of failure)
Press: ? - help, Shift-Dir - straight line, f/p - white ugly thing
Aim: a white ugly thing (almost dead)
The blast of sand hits the white ugly thing!
The white ugly thing is almost dead.
T - 169 stones The white ugly thing engulfs you.
* * * LOW HITPOINT WARNING * * *
The white ugly thing freezes you!!
You die...

##........?##
#...........
###!..h......
.#.....h...
... ..... #.#
.). #.# #.#
#u# #.# #@##
#.# #..# #.#
##.# #.#
#.###.#
#.##..#
######
#.#..##
#..... #.#.##
#..... #...#
#..... #.###
#.....


You could see a white ugly thing.

Vanquished Creatures
  Nessos (Lair:6)
  7 hydras
  Harold (D:9)
  A catoblepas (Lair:5)
  A centaur warrior (D:9)
  2 two-headed ogres (D:12)
  Urug (Lair:5)
  Sonja (Lair:5)
  2 lindwurms (Lair:6)
  3 orc knights
  A deep elf mage (D:10)
  2 ugly things
  2 cyclopes
  2 manticores (D:12)
  8 black mambas
  Maurice (D:9)
  5 torpor snails (Lair:6)
  3 centaur zombies
  A guardian serpent (Lair:6)
  Psyche (D:9)
  6 spiny frogs
  4 rime drakes
  3 komodo dragons
  A queen bee (Lair:3)
  3 trolls
  9 blink frogs
  7 hornets (Lair:6)
  3 tyrant leeches (Lair:6)
  6 hippogriffs
  4 redbacks
  A vampire (D:12)
  33 yaks
  12 wyverns
  A human (D:8)
  A basilisk (Lair:3)
  A hungry ghost (D:10)
  4 hogs (D:8)
  Edmund (D:5)
  An acid dragon (D:9)
  5 nagas (Lair:2)
  2 swamp worms (Lair:3)
  15 water moccasins
  12 porcupines
  8 orc warriors
  Purgy (D:4)
  2 necrophages
  An ice beast (D:9)
  2 sky beasts
  9 ogres
  4 phantoms
  18 wolves
  9 centaurs
  8 crocodiles
  A big kobold (Sewer)
  14 bullfrogs
  A water moccasin skeleton (D:8)
  A wyvern skeleton (D:10)
  4 scorpions
  23 killer bees (Lair:3)
  6 wights
  A howler monkey (D:6)
  7 crimson imps
  A bullfrog zombie (D:12)
  4 hounds
  A centaur skeleton (D:4)
  A jelly (D:8)
  8 orc priests
  2 bullfrog skeletons
  7 iguanas
  12 orc wizards
  11 worker ants
  A killer bee zombie (D:7)
  A hound skeleton (D:5)
  Robin (D:4)
  3 gnolls (D:6)
  A howler monkey skeleton (D:5)
  16 adders
  3 river rats (Sewer)
  4 shadow imps
  A white imp (D:7)
  6 oozes
  2 adder zombies (D:7)
  7 worms
  3 dart slugs
  5 leopard geckos
  39 orcs
  5 ball pythons
  8 giant cockroaches
  15 goblins
  7 hobgoblins
  8 jackals
  3 quokkas
  14 bats
  6 frilled lizards
  2 goblin skeletons (D:7)
  A goblin zombie (D:7)
  2 hobgoblin zombies (D:7)
  A jackal skeleton (D:5)
  8 kobolds
  2 kobold skeletons (D:7)
  2 kobold zombies (D:7)
  3 orc skeletons (D:7)
  2 orc zombies (D:7)
  A quokka skeleton (D:6)
  A quokka zombie (D:7)
  13 rats
  A plant (Lair:5)
546 creatures vanquished.

Vanquished Creatures (collateral kills)
  3 hydras
  A two-headed ogre (D:11)
  A tengu warrior (D:12)
  2 wolf spiders (Lair:6)
  A black mamba (Lair:1)
  4 spiny frogs
  A torpor snail (Lair:6)
  4 komodo dragons
  4 hornets (Lair:6)
  4 blink frogs
  2 hippogriffs
  A redback (Lair:6)
  2 yaks
  3 wyverns
  A basilisk (Lair:1)
  A human (D:9)
  Grum (D:9)
  5 water moccasins
  A porcupine (Lair:1)
  2 orc warriors
  2 eyes of draining (D:12)
  A wolf (Lair:1)
  4 crocodiles
  A bullfrog (Lair:5)
  A wight (D:11)
  A jelly (D:11)
  2 orc priests
  2 adders
  6 orcs
  2 fungi (Lair:6)
  A plant (Lair:6)
67 creatures vanquished.

Vanquished Creatures (others)
  A bush (Lair:6)
  37 foxfires
  17 fungi
  63 plants
118 creatures vanquished.

Grand Total: 731 creatures vanquished

Notes
Turn   | Place    | Note
-------+----------+-------------------------------------------
     0 | D:1      | Acheron the Gargoyle Earth Elementalist began the quest for
                  | the Orb.
     0 | D:1      | Reached XP level 1. HP: 10/10 MP: 3/3
   246 | D:1      | Reached skill level 4 in Earth Magic
   246 | D:1      | Reached XP level 2. HP: 15/15 MP: 3/5
   573 | D:1      | Reached XP level 3. HP: 20/20 MP: 2/6
   995 | D:2      | Learned a level 2 spell: Passwall
  1208 | D:2      | Reached skill level 1 in Fighting
  1208 | D:2      | Reached XP level 4. HP: 25/25 MP: 2/7
  1305 | D:2      | Reached skill level 1 in Short Blades
  2061 | D:3      | Found a shimmering blue altar of Sif Muna.
  2239 | D:3      | Reached XP level 5. HP: 24/30 MP: 8/8
  2568 | D:3      | Found a glowing silver altar of Zin.
  2583 | D:3      | Reached skill level 1 in Transmutations
  2948 | D:4      | Reached skill level 1 in Long Blades
  2981 | D:5      | Entered Level 5 of the Dungeon
  2992 | D:4      | Noticed Purgy
  3018 | D:4      | Noticed an ogre
  3147 | D:5      | Noticed a phantom
  3178 | D:4      | Reached XP level 6. HP: 35/35 MP: 7/10
  3189 | D:4      | Found Ilotagg's Lightly-Used Armoury.
  3222 | D:4      | Noticed Robin
  3270 | D:4      | Killed Robin
  3437 | D:4      | Learned a level 3 spell: Stone Arrow
  3693 | D:5      | Reached skill level 1 in Conjurations
  3693 | D:5      | Reached skill level 5 in Earth Magic
  3693 | D:5      | Reached XP level 7. HP: 40/40 MP: 7/11
  3867 | D:5      | Found a staircase to the Ecumenical Temple.
  3875 | Temple   | Entered the Ecumenical Temple
  3931 | Temple   | Became a worshipper of Vehumet
  4037 | D:6      | You fall into a shaft and drop 2 floors!
  4181 | D:6      | Found a glowing drain.
  4234 | Sewer    | Entered a sewer
  4828 | D:6      | Reached skill level 1 in Armour
  4941 | D:6      | Reached XP level 8. HP: 45/45 MP: 8/13
  5005 | D:6      | Reached * piety under Vehumet
  5005 | D:6      | Offered knowledge of Foxfire by Vehumet.
  5008 | D:6      | Learned a level 1 spell: Foxfire
  5294 | D:6      | Learned a level 1 spell: Apportation
  5296 | D:6      | Learned a level 1 spell: Summon Small Mammal
  5596 | D:6      | Reached skill level 1 in Throwing
  5596 | D:6      | Reached skill level 1 in Evocations
  5790 | D:7      | Reached skill level 6 in Earth Magic
  5922 | D:7      | Found a white marble altar of Elyvilon.
  5957 | D:7      | Found a glowing golden altar of the Shining One.
  5972 | D:8      | Found a basalt altar of Yredelemnul.
  6453 | D:7      | Offered knowledge of Freeze by Vehumet.
  6456 | D:7      | Reached ** piety under Vehumet
  6491 | D:7      | Learned a level 1 spell: Freeze
  6567 | D:7      | Reached skill level 1 in Fire Magic
  6621 | D:7      | Found a sparkling altar of Nemelex Xobeh.
  6642 | D:7      | Reached skill level 1 in Translocations
  6686 | D:7      | Reached XP level 9. HP: 51/51 MP: 15/15
  6700 | D:7      | Learned a level 1 spell: Animate Skeleton
  6798 | D:8      | Reached skill level 1 in Summonings
  7078 | D:8      | Found a burning altar of Makhleb.
  7079 | D:8      | Found a shattered altar of Ashenzari.
  7081 | D:8      | Found a blossoming altar of Fedhas.
  7192 | D:8      | Reached skill level 1 in Ice Magic
  7254 | D:8      | Got a faintly humming chain mail
  7458 | D:9      | Noticed Grum
  7668 | D:8      | Offered knowledge of Inner Flame by Vehumet.
  7671 | D:8      | Learned a level 1 spell: Corona
  7917 | D:8      | Identified the +14 chain mail of Ocilaqyt {*Drain rC+++ MR-
                  | SInv} (You found it on level 8 of the Dungeon)
  7930 | D:8      | Identified a scroll of acquirement
  7930 | D:8      | Acquired the Tome of Transformation and the Volcanoes
  7999 | D:9      | Noticed Maurice
  8007 | D:9      | Killed Maurice
  8050 | D:9      | Noticed Psyche
  8061 | D:9      | Killed Psyche
  8061 | D:9      | Reached skill level 5 in Stealth
  8193 | D:10     | Entered Level 10 of the Dungeon
  8213 | D:10     | Reached skill level 5 in Spellcasting
  8213 | D:10     | Reached XP level 10. HP: 56/56 MP: 17/17
  8234 | D:9      | Noticed Gastronok
  8274 | D:9      | Reached skill level 1 in Hexes
  8292 | D:9      | Noticed a centaur warrior
  8302 | D:9      | Killed a centaur warrior
  8302 | D:9      | Reached skill level 1 in Necromancy
  8563 | D:9      | Noticed an orc knight
  8567 | D:9      | Noticed an eight-headed hydra
  8673 | D:9      | Killed an orc knight
  8838 | D:9      | Noticed an eight-headed hydra
  9023 | D:9      | Reached *** piety under Vehumet
  9057 | D:9      | Reached skill level 7 in Earth Magic
  9062 | D:9      | Noticed Harold
  9773 | D:8      | Learned a level 2 spell: Sticks to Snakes
  9879 | D:8      | Found a sacrificial altar of Ru.
  9939 | D:8      | Reached skill level 5 in Long Blades
 10265 | D:5      | Offered knowledge of Fulminant Prism by Vehumet.
 10559 | D:5      | Noticed Edmund
 10575 | D:5      | Killed Edmund
 10721 | D:4      | Killed Purgy
 11289 | D:9      | Found a staircase to the Orcish Mines.
 11311 | D:10     | Noticed a white ugly thing
 11347 | D:10     | Found a staircase to the Lair.
 11363 | Lair:1   | Entered Level 1 of the Lair of Beasts
 11383 | Lair:1   | Noticed a black mamba
 11418 | Lair:1   | Reached XP level 11. HP: 53/62 MP: 19/19
 11833 | Lair:1   | Reached **** piety under Vehumet
 12459 | Lair:2   | You fall into a shaft and drop 1 floor!
 12461 | Lair:3   | Noticed a six-headed hydra
 12869 | Lair:4   | Reached skill level 8 in Earth Magic
 12894 | Lair:5   | Reached skill level 5 in Fighting
 12959 | Lair:5   | Found a transporter.
 12960 | Lair:5   | Noticed a red ugly thing
 12963 | Lair:5   | Noticed a cacodemon
 12967 | Lair:5   | Found a transporter.
 12973 | Lair:5   | Found a one-way gate to the infinite horrors of the Abyss.
 12973 | Lair:5   | Noticed Naenkaux's ghost (journeyman CeAM)
 12979 | Lair:5   | Noticed Sonja
 12983 | Lair:5   | Noticed a catoblepas
 13015 | Lair:6   | Entered Level 6 of the Lair of Beasts
 13015 | Lair:6   | Noticed a six-headed hydra
 13063 | Lair:5   | Killed a catoblepas
 13238 | Lair:5   | Noticed Urug
 13262 | Lair:5   | Killed Urug
 13262 | Lair:5   | Offered knowledge of Iskenderun's Battlesphere by Vehumet.
 13277 | Lair:5   | Learned a level 5 spell: Iskenderun's Battlesphere
 13397 | Lair:5   | Noticed a thrashing horror
 13399 | Lair:5   | Noticed a hell hog
 13412 | Lair:5   | Noticed a red ugly thing
 13482 | Lair:5   | Reached XP level 12. HP: 60/68 MP: 16/21
 13547 | Lair:5   | Found a blossoming altar of Fedhas.
 14135 | Lair:5   | Identified the +5 trident of Currency {distort, rPois rC+}
 14135 | Lair:5   | Noticed a spriggan rider
 14900 | Lair:3   | Found a staircase to the Swamp.
 14911 | Lair:3   | You fall into a shaft and drop 3 floors!
 14941 | Lair:6   | Reached skill level 5 in Conjurations
 15014 | Lair:6   | Noticed a four-headed hydra
 15039 | Lair:6   | Killed a five-headed hydra
 15129 | Lair:6   | Reached skill level 1 in Charms
 15330 | Lair:6   | Learned a level 3 spell: Ignite Poison
 15435 | Lair:6   | Reached ***** piety under Vehumet
 15435 | Lair:6   | Offered knowledge of Yara's Violent Unravelling by Vehumet.
 15659 | Lair:6   | Learned a level 2 spell: Call Imp
 15722 | Lair:6   | Noticed Nessos
 15836 | Lair:4   | Reached XP level 13. HP: 71/74 MP: 24/24
 15848 | Lair:4   | Reached skill level 1 in Poison Magic
 15983 | Lair:3   | Reached skill level 5 in Armour
 16723 | Lair:2   | Found a staircase to the Snake Pit.
 17052 | Snake:1  | Entered Level 1 of the Snake Pit
 17784 | Lair:6   | Found a runed translucent door.
 17784 | Lair:6   | Noticed an ice dragon
 17880 | Lair:6   | Killed Nessos
 17935 | Lair:6   | Reached skill level 5 in Dodging
 18055 | Lair:6   | Reached skill level 1 in Shields
 18073 | Lair:6   | Reached skill level 9 in Earth Magic
 18093 | Lair:6   | Offered knowledge of Bolt of Magma by Vehumet.
 18287 | Lair:6   | Got an opalescent robe
 18399 | Lair:6   | Reached skill level 5 in Fire Magic
 18568 | Lair:6   | Identified the +1 robe "Noed" {rElec} (You found it on
                  | level 6 of the Lair of Beasts)
 18590 | Lair:6   | Found a staircase to the Slime Pits.
 19161 | Lair:5   | Reached skill level 5 in Evocations
 19600 | Lair:6   | Gained mutation: Your large and strong wings let you fly
                  | indefinitely. [Gargoyle growth]
 19600 | Lair:6   | Reached XP level 14. HP: 49/80 MP: 26/26
 19988 | Lair:6   | Learned a level 5 spell: Bolt of Magma
 20198 | Slime:1  | Entered Level 1 of the Pits of Slime
 20304 | Lair:5   | Killed Sonja
 21290 | D:11     | Found Nenifun's Magic Scroll Shop.
 21300 | D:11     | Bought a scroll of teleportation for 54 gold pieces
 21300 | D:11     | Bought a scroll of teleportation for 54 gold pieces
 21563 | D:10     | Identified the +10 short sword of True Grit {flame,
                  | *Corrode Int+6}
 22180 | D:10     | Paralysed by fainting for 5 turns
 22448 | D:12     | Reached skill level 5 in Throwing
 22574 | D:12     | Offered knowledge of Iron Shot by Vehumet.
 23873 | D:10     | Learned a level 2 spell: Blink
 24424 | D:9      | Reached skill level 10 in Earth Magic
 24530 | D:9      | Killed Harold
 24631 | D:9      | Killed Grum
 24872 | Orc:1    | Entered Level 1 of the Orcish Mines
 25217 | D:11     | Mangled by a white ugly thing

Illustrated notes

Levels and vault maps discovered:
D:1:      dpeg_arrival_line_fractal, layout_basic
D:2:      minmay_angry_zag, layout_basic
D:3:      layout_loops_ring, nicolae_overflow_crystal_walls, marbit_many_paths,
          first_ration, chequers_serial_rivers_large_b
D:4:      layout_basic, minmay_shop_damaged, uniq_purgy, uniq_robin
D:5:      layout_gridville, minmay_temple_entry_wispy, uniq_edmund
D:6:      layout_basic, cheibrodos_sewer_entry_sluice, fountainhead
D:7:      layout_cave_pools, lemuel_doored_altar, nicolae_tso_besieged_by_evil,
          lemuel_round_altar, nicolae_lava_and_water
D:8:      layout_loops_ring, nicolae_overflow_hidden_temple,
          lemuel_coloured_pillars_altar, grunt_livestock,
          yredelemnul_altar_generic
D:9:      layout_rooms, erik_orc_4, minmay_misc_feat_rugged, minmay_evil_grid,
          uniq_gastronok, uniq_maurice, uniq_psyche, uniq_harold, uniq_grum
D:10:     minmay_the_grid_3x3 [minmay_the_grid_dragon_b,
          minmay_the_grid_armoury, minmay_the_grid_garden, minmay_the_grid_x,
          minmay_the_grid_all_tris, minmay_the_grid_tri_star,
          minmay_the_grid_stretched_grid, minmay_the_grid_outer_diamond,
          minmay_the_grid_prize_four_corners_diamond_b], layout_loops_ring
D:11:     layout_rooms, ploomutoo_gammafunk_ghost_potion_laboratory,
          serial_shops, nicolae_shop_waterfront, uniq_nergalle
D:12:     layout_basic
D:13:     minmay_complete_graph, layout_irregular_city,
          grunt_vaults_entry_fortified, drop_trap,
          nicolae_qazlal_style_of_elements
Temple:   nicolae_temple_god_jail
Lair:1:   layout_layer_cave
Lair:2:   layout_regular_city, minmay_snake_entry_guardpost_medium,
          minmay_lair_oklob_bushes, lemuel_fruit_tree
Lair:3:   layout_gridlike, nicolae_swamp_entry_splash_gauntlet, special_room
          [special_room_bee]
Lair:4:   layout_cave_shapes
Lair:5:   layout_regular_city, gammafunk_ghost_abyssal_escape, st_stairs_11,
          tgw_fedhas, uniq_urug, uniq_sonja
Lair:6:   wormcave, layout_small_grid, hangedman_lair_tendril_chambers,
          slime_dummy, uniq_nessos
Snake:1:  layout_cave_shapes
Slime:1:  layout_caves
Orc:1:    layout_diamond_mine

Skill      XL: |  1  2  3  4  5  6  7  8  9 10 11 12 13 14 |
---------------+-------------------------------------------+-----
Earth Magic    | 4 5 6 7 8 9 10 | 10.0
Fighting       | 1 2 3 4 5 6 7 |  7.1
Short Blades   | 1 3 |  3.8
Dodging        | 2 3 4 5 |  5.3
Stealth        | 3 4 5 6 7 8 |  8.1
Transmutations | 1 2 3 |  3.6
Long Blades    | 1 2 3 4 5 6 7 |  7.7
Spellcasting   | 3 4 5 6 7 8 |  8.9
Conjurations   | 1 2 3 4 5 7 |  7.2
Armour         | 1 2 3 4 5 |  5.1
Throwing       | 1 2 3 4 5 |  5.2
Evocations     | 1 2 3 4 5 6 |  6.0
Fire Magic     | 1 2 3 4 5 |  5.0
Translocations | 1 2 3 4 |  4.2
Summonings     | 1 2 3 |  3.0
Ice Magic      | 2 3 4 |  4.2
Hexes          | 1 2 3 |  3.0
Necromancy     | 1 2 3 |  3.3
Charms         | 1 2 3 |  3.7
Poison Magic   | 3 |  3.1
Shields        | 1 3 |  3.4

Action                   |  1- 3 |  4- 6 |  7- 9 | 10-12 | 13-15 || total
-------------------------+-------+-------+-------+-------+-------++-------
Melee: Short sword       |    35 |       |       |       |       ||    35
       Long sword        |       |    89 |   238 |   442 |   362 ||  1131
       Rapier            |       |       |       |       |   741 ||   741
       Staff             |       |       |       |       |     3 ||     3
Throw: Dart              |       |    13 |    32 |    58 |       ||   103
       Javelin           |       |       |     6 |     2 |   121 ||   129
       Boomerang         |       |       |       |    27 |       ||    27
 Cast: Sandblast         |    40 |    45 |    93 |   173 |   116 ||   467
       Foxfire           |       |       |     8 |    14 |       ||    22
       Animate Skeleton  |       |       |     1 |    47 |    93 ||   141
       Stone Arrow       |       |       |     1 |    18 |    45 ||    64
       Sticks to Snakes  |       |       |       |    92 |    17 ||   109
       Summon Small Mamm |       |       |       |     2 |       ||     2
       Apportation       |       |       |       |     9 |    12 ||    21
       Passwall          |       |       |       |       |     8 ||     8
       Call Imp          |       |       |       |       |     7 ||     7
       Iskenderun's Batt |       |       |       |       |     1 ||     1
       Bolt of Magma     |       |       |       |       |     1 ||     1
 Abil: Fly               |       |       |       |       |     1 ||     1
Evoke: Wand              |       |       |     3 |    25 |    26 ||    54
  Use: Scroll            |     8 |     7 |     9 |    14 |    13 ||    51
       Potion            |       |       |     5 |     6 |     5 ||    16
 Stab: Sleeping          |       |     6 |     3 |     5 |    10 ||    24
       Distracted        |       |       |     1 |     3 |     6 ||    10
       Petrified         |       |       |       |     5 |       ||     5
       Paralysed         |       |       |       |     3 |     4 ||     7
       Invisible         |       |       |       |       |     1 ||     1
  Eat: Chunk             |     1 |     8 |     8 |     9 |    20 ||    46
       Ration            |       |       |     3 |     4 |     5 ||    12
Armor: Robe              |    12 |    20 |       |       |       ||    32
       Leather armour    |       |       |   113 |    69 |       ||   182
       Troll leather arm |       |       |       |   209 |   541 ||   750
Dodge: Dodged            |    33 |    85 |   200 |   481 |   979 ||  1778
       Rpst.: Long sword |       |    24 |    67 |   120 |   152 ||   363
